 Dungeon Crawl Stone Soup version 0.27.1-33-g824d729ab1 (webtiles) character file.

Game seed: 4545321880395043594

142884 raph the Thaumaturge (level 17, -8/126 HPs)
             Began as a Djinni Fire Elementalist on Dec 26, 2021.
             Was the Champion of Makhleb.
             Hit by a javelin thrown by a merfolk javelineer (20 damage)
             ... on level 4 of the Shoals on Dec 27, 2021.
             The game lasted 01:26:32 (38080 turns).

raph the Thaumaturge (Djinni Fire Elementalist)    Turns: 38080, Time: 01:26:33

Health: -8/126     AC: 20    Str:  7    XL:     17   Next: 98%
Gold:   1984       EV: 21    Int: 28    God:    Makhleb [******] SH:  0 Dex: 15

rFire    + + +     SeeInvis .   a - +8 scimitar (flame)
rCold    . . .     Faith    .   (no shield)
rNeg     . . .     Spirit   .   W - +3 leather armour {rC+}
rPois    ∞         Reflect  +   T - +1 helmet {Int+3}
rElec    .         Harm     .   M - +2 cloak {rF+}
rCorr    .         Rampage  .   t - +2 pair of gloves
Will     +....                  (boots unavailable)
Stlth    +.........             S - amulet "Wexal" {Reflect +Inv Regen+ Dex+2 SH+5}
HPRegen  1.31/turn              F - +4 ring of evasion
MPRegen  0.00/turn              H - +4 ring of protection

@: confused, ambrosia-drunk, flying, mesmerised, studying 2 skills, invisible
A: sickness immunity, fire resistance 2, cold vulnerability 1, float, innate
caster, hp casting, extra vitality 1
a: Renounce Religion, Evoke Invisibility, Minor Destruction, Lesser Servant of
Makhleb, Major Destruction, Greater Servant of Makhleb


You were on level 4 of the Shoals.
You worshipped Makhleb.
Makhleb was exalted by your worship.
You visited 5 branches of the dungeon, and saw 28 of its levels.
You also visited: Bailey and Volcano.

You collected 3519 gold pieces.
You spent 1535 gold pieces at shops.

Inventory:

Hand Weapons
 a - a +8 scimitar of flaming (weapon)
 b - the +8 hunting sling "Qutsykomp" {freeze, rN+ Int+7}
   (You found it on level 6 of the Lair of Beasts)

   Any ammunition fired from it freezes those it strikes, dealing additional
   cold damage.
   It can also slow down cold-blooded creatures.
   Int:       It affects your intelligence (+7).
   rN:        It protects you from negative energy.
 G - a +3 scimitar of flaming
 U - a +0 scimitar
 V - a +0 great sword
Missiles
 v - 4 throwing nets (quivered)
Armour
 c - +0 acid dragon scales
 t - a +2 pair of gloves (worn)
 L - the +0 pair of gloves "Fubeu" {rElec rC+ Dex-3}
   (You found it in a volcano)

   Dex:       It affects your dexterity (-3).
   rC:        It protects you from cold.
   rElec:     It insulates you from electricity.
 M - a +2 cloak of fire resistance (worn)
 T - a +1 helmet of intelligence (worn)
 W - a +3 leather armour of cold resistance (worn)
Jewellery
 l - an amulet of the acrobat
 s - a +6 ring of strength
 w - a ring of see invisible
 x - an amulet of regeneration
 E - a ring of protection from cold
 F - a +4 ring of evasion (left hand)
 H - a +4 ring of protection (right hand)
 I - a ring of protection from fire
 Q - a ring of ice
 S - the amulet "Wexal" (around neck) {Reflect +Inv Regen+ Dex+2 SH+5}
   (You bought it in a shop on level 4 of the Dungeon)

   [amulet of reflection]

   It reflects blocked missile attacks.
   Dex:       It affects your dexterity (+2).
   +Inv:      It lets you turn invisible.
   Regen:     It increases your rate of health regeneration.
   SH:        It affects your SH (+5).
 X - a ring of wizardry
 Z - a +4 ring of protection
Wands
 e - a wand of mindburst (45)
 r - a wand of iceblast (13)
 B - a wand of charming (21)
 D - a wand of polymorph (26)
 O - a wand of paralysis (18)
 Y - a wand of acid (13)
Scrolls
 h - 12 scrolls of identify
 i - 2 scrolls of fog
 j - 5 scrolls of fear
 k - 3 scrolls of immolation
 C - 8 scrolls of teleportation
 R - 6 scrolls of blinking
Potions
 f - 6 potions of flight
 g - 13 potions of curing
 n - 8 potions of attraction
 o - a potion of invisibility
 p - 7 potions of might
 q - 4 potions of ambrosia
 u - 2 potions of mutation
 z - a potion of berserk rage
 A - 2 potions of brilliance
 J - 5 potions of cancellation
 N - 2 potions of haste
 P - 2 potions of magic
Miscellaneous
 m - a box of beasts
 y - a lightning rod (4/4)
 K - a phantom mirror


   Skills:
 + Level 13.1 Fighting
 * Level 12.1 Long Blades
 + Level 10.1 Armour
 + Level 11.4 Dodging
 - Level 1.5 Stealth
 * Level 14.6 Spellcasting
 + Level 10.2 Invocations


You couldn't memorise any spells.
You knew the following spells:

 Your Spells              Type           Power      Damage    Failure   Level
a - Foxfire               Conj/Fire      100%       2x1d9     0%          1
b - Conjure Flame         Conj/Fire      80%        6-21      1%          3
c - Sticky Flame          Conj/Fire      80%        2d9       1%          4
d - Call Imp              Summ           80%        N/A       0%          2
e - Fireball              Conj/Fire      40%        3d16      1%          5
f - Sting                 Tmut/Pois      100%       1d8       0%          1
g - Inner Flame           Hex/Fire       80%        N/A       1%          3
h - Static Discharge      Conj/Air       80%        N/A       0%          2
i - Dazzling Flash        Conj/Hex       100%       N/A       1%          3
j - Lee's Rapid Deconstr  Erth           40%        3d21*     1%          5
k - Freezing Cloud        Conj/Ice/Air   40%        6-21      1%          5
l - Dispersal             Tloc           40%        N/A       1%          6
m - Statue Form           Tmut/Erth      53%        N/A       1%          6
Your spell library was empty.

Dungeon Overview and Level Annotations

Branches:
Dungeon (15/15)            Temple (1/1) D:7            Lair (6/6) D:9
 Shoals (4/4) Lair:2       Spider (0/4) Lair:3        Slime (0/5) Lair:5
    Orc (2/2) D:9             Elf (0/3) Orc:2        Vaults (0/5) D:14
 Depths (0/5) D:15         Bailey (visited)         Volcano (visited)

Altars:
Cheibriados
Dithmenos
Hepliaklqana
Kikubaaqudgha
Makhleb
Okawaru
Qazlal
Sif Muna
Trog
Uskayaw
Vehumet
Wu Jian
The Shining One
Beogh
Jiyva

Shops:
D:4 :?[!=   D:11 :   Orc:2 (**[   Shoals:2 [   Shoals:4 =

Annotations:
D:5 2 transporters
D:6 2 transporters, Jazqba's ghost, novice HONe
D:12 3 runed translucent doors, diceflayer's ghost, journeyman MiFi
D:13 3 runed translucent doors, Silentstumbler's ghost, journeyman MiBe
Lair:1 exclusion: oklob plant
Shoals:3 Mara


Innate Abilities, Weirdness & Mutations

You are immune to sickness and miasma.
You are immune to poison.
Your flesh is very heat resistant. (rF++)
You are vulnerable to cold. (rC-)
You float through the air rather than walking.
You learn spells naturally, not from books.
Your magical power is your life essence.
You have superior vitality. (+4 HP)


Message History

Your ynoxinul disappears in a puff of smoke!
The alligator snapping turtle bites you from afar!
* * * LOW HITPOINT WARNING * * *
Your neqoxec gestures at the alligator snapping turtle.
The alligator snapping turtle twists and deforms.
You feel much better.
The merfolk siren chants its luring song.
The merfolk javelineer throws a javelin.
The javelin pierces through you!!
* * * LOW HITPOINT WARNING * * *
The merfolk hits you but does no damage.
Your neqoxec hits the alligator snapping turtle!
The merfolk javelineer throws a javelin.
The javelin pierces through you!
* * * LOW HITPOINT WARNING * * *
The alligator snapping turtle bites you but does no damage.
The merfolk misses you.
The merfolk siren chants its luring song.
Your neqoxec hits the alligator snapping turtle.
The merfolk javelineer throws a javelin.
The javelin pierces through you!
* * * LOW HITPOINT WARNING * * *
The alligator snapping turtle bites you from afar!
* * * LOW HITPOINT WARNING * * *
The merfolk throws a boomerang.
The boomerang barely misses you.
Your neqoxec hits the alligator snapping turtle but does no damage.
The merfolk siren chants its luring song.
You feel much better.
The merfolk javelineer throws a javelin.
The javelin closely misses you.
The alligator snapping turtle bites you from afar!!
* * * LOW HITPOINT WARNING * * *
The merfolk impaler closely misses you.
The merfolk hits you but does no damage.
The merfolk siren chants its luring song.
Your neqoxec hits the alligator snapping turtle but does no damage.
You fade into invisibility!
The merfolk javelineer throws a javelin.
The javelin pierces through you!!
You die...

m≈
####...........
≈≈
......≈......#..≈
≈≈
......≈≈........≈
##
................≈
........m.......≈
........≈)....≈.
..≈≈...[≈m.(....≈
..≈≈)..3...##...≈
≈.≈≈...t.@.......
≈≈≈≈...m......###
≈≈≈≈.....(...##
≈≈≈≈.........#
≈≈≈..........#
≈≈≈..........#
≈≈≈≈≈≈≈..m...#
≈≈≈≈≈≈≈≈......


You could see an alligator snapping turtle (misshapen, ally target), a merfolk
impaler, a merfolk javelineer, a merfolk, a merfolk siren (mesmerising) and a
friendly neqoxec (summoned).

Vanquished Creatures
  Donald (Shoals:3)
  Ilsuiw (Shoals:3)
  A quicksilver ooze (shapeshifter) (D:14)
  Snorg (D:14)
  A merfolk javelineer (Shoals:4)
  7 merfolk impalers
  A rakshasa (D:15)
  Josephine (Lair:5)
  A boulder beetle (D:15)
  11 hydras
  4 merfolk aquamancers
  3 ogre magi
  5 centaur warriors
  2 merfolk avatars
  A catoblepas (Lair:6)
  2 death knights
  12 two-headed ogres
  A deep troll shaman (Lair:6)
  4 satyrs
  A vampire mage (D:14)
  11 death yaks
  Nergalle (Lair:4)
  3 orc high priests (Orc:2)
  8 skeletal warriors
  The ghost of Sapher the Arsonist, a novice VSFE of Uskayaw (Orc:1)
  8 sea snakes
  2 lindwurms
  Pikel (D:7)
  A necromancer (D:15)
  4 orc knights
  4 deep elf pyromancers
  7 harpies
  An orb spider (shapeshifter) (D:14)
  3 ugly things (D:14)
  An orb spider (Lair:3)
  14 fauns
  3 cyclopes
  3 orc sorcerers (Orc:2)
  11 manticores
  A frost giant zombie (D:15)
  A wolf spider (D:15)
  12 elephants
  A centaur zombie (D:10)
  5 black mambas
  4 merfolk sirens
  5 water nymphs
  A cane toad (shapeshifter) (D:14)
  4 gargoyles
  A molten gargoyle (Lair:6)
  8 cane toads
  A tengu conjurer (D:14)
  A freezing wraith (D:15)
  Maggie (D:10)
  3 efreet
  5 komodo dragons
  27 merfolk
  8 trolls
  2 polar bears
  10 wind drakes
  8 slime creatures (D:12)
  Prince Ribbit (D:5)
  A fire dragon zombie (D:15)
  7 snapping turtles
  11 blink frogs
  4 dream sheep (Shoals:1)
  2 shadows
  An ettin zombie (D:15)
  13 water elementals
  7 wyverns
  2 vampires
  A fire elemental (Volcano)
  3 wraiths (Lair:4)
  5 basilisks
  A golden eye (shapeshifter) (D:14)
  12 vampire mosquitoes
  37 yaks
  A steam dragon (Lair:3)
  3 wargs (Orc:2)
  An acid dragon (D:8)
  7 water moccasins
  A human skeleton (D:15)
  A hornet zombie (D:8)
  An ice beast (D:4)
  35 orc warriors
  A sky beast (D:7)
  5 black bears
  24 wolves
  7 ogres
  6 necrophages
  17 centaurs
  3 phantoms
  3 lemures (D:7)
  2 kobold brigands
  18 bullfrogs
  2 gnoll sergeants (D:10)
  4 scorpions
  A water moccasin zombie (D:6)
  2 troll zombies (D:9)
  9 killer bees
  A howler monkey (D:5)
  5 wights (D:9)
  3 electric eels
  A bullfrog zombie (D:6)
  4 hounds
  11 orc priests
  3 bullfrog skeletons
  23 orc wizards
  3 iguanas
  A killer bee zombie (D:8)
  6 ogre zombies (D:9)
  A hound zombie (D:5)
  2 hound skeletons
  A howler monkey skeleton (D:4)
  13 gnolls
  5 adders
  A white imp (D:6)
  2 ufetubi
  An adder skeleton (D:4)
  4 dart slugs
  78 orcs
  7 endoplasms
  15 giant cockroaches
  8 hobgoblins
  17 kobolds
  5 quokkas
  10 ball pythons
  5 bats
  3 frilled lizards
  18 goblins
  3 goblin zombies (D:9)
  2 hobgoblin skeletons (D:9)
  A hobgoblin zombie (D:9)
  2 orc skeletons (D:9)
  17 orc zombies (D:9)
  5 rats
  2 butterflies (Lair:4)
808 creatures vanquished.

Vanquished Creatures (collateral kills)
  Rupert (Orc:2)
  3 orc knights (Orc:2)
  An orc sorcerer (Orc:2)
  A slime creature (D:12)
  A blink frog (Lair:1)
  Eustachio (D:5)
  A warg (Orc:1)
  A water moccasin (Lair:1)
  4 orc warriors (Orc:2)
  An ogre (D:6)
  4 orc priests
  2 orc wizards (Orc:1)
  7 orcs
  21 foxfires
49 creatures vanquished.

Vanquished Creatures (others)
  An orc (D:13)
  1381 foxfires
  50 fungi
  108 plants
  10 withered plants (D:15)
1550 creatures vanquished.

Grand Total: 2407 creatures vanquished

Notes
Turn   | Place    | Note
-------+----------+-------------------------------------------
     0 | D:1      | raph the Djinni Fire Elementalist began the quest for the
                  | Orb.
     0 | D:1      | Reached XP level 1. HP: 15/15 MP: 0/0
   543 | D:1      | Reached XP level 2. HP: 15/21 MP: 0/0
   792 | D:1      | Reached skill level 3 in Spellcasting
  1142 | D:1      | Reached XP level 3. HP: 22/25 MP: 0/0
  1142 | D:1      | Learned a level 1 spell: Sting
  1914 | D:2      | Reached XP level 4. HP: 22/31 MP: 0/0
  2412 | D:2      | Found a faded altar of an unknown god.
  3076 | D:2      | Reached skill level 4 in Spellcasting
  3391 | D:3      | Reached XP level 5. HP: 34/36 MP: 0/0
  3391 | D:3      | Learned a level 2 spell: Call Imp
  3456 | D:3      | Reached skill level 1 in Fighting
  4342 | D:4      | Found Ynorekhe's Distillery.
  4344 | D:4      | Noticed a phantom
  4740 | D:4      | Found Waonor's Jewellery Shop.
  4749 | D:4      | Reached XP level 6. HP: 29/43 MP: 0/0
  5237 | D:4      | Bought a potion of heal wounds for 65 gold pieces
  5273 | D:4      | Found Iceuruat's Armour Emporium.
  5286 | D:4      | Found Hoasch's Book Boutique.
  5341 | D:4      | Found Tet Ejul's Magic Scroll Emporium.
  5351 | D:4      | Reached skill level 5 in Spellcasting
  5694 | D:4      | Noticed an ice beast
  5737 | D:4      | Reached XP level 7. HP: 40/49 MP: 0/0
  5737 | D:4      | Learned a level 2 spell: Static Discharge
  6552 | D:5      | Entered Level 5 of the Dungeon
  6570 | D:5      | Found a transporter.
  6586 | D:5      | Found a transporter.
  7023 | D:5      | Reached skill level 6 in Spellcasting
  7023 | D:5      | Reached XP level 8. HP: 33/58 MP: 0/0
  7359 | D:5      | Noticed Eustachio
  7379 | D:5      | Killed Eustachio
  7826 | D:5      | Noticed Prince Ribbit
  7835 | D:5      | Killed Prince Ribbit
  7992 | D:5      | Reached skill level 5 in Fighting
  7993 | D:5      | Reached skill level 7 in Spellcasting
  8096 | D:5      | Reached XP level 9. HP: 46/65 MP: 0/0
  8096 | D:5      | Learned a level 3 spell: Dazzling Flash
  8300 | D:5      | Found a snail-covered altar of Cheibriados.
  9060 | D:6      | Found a transporter.
  9061 | D:6      | Noticed Jazqba's ghost (novice HONe)
  9119 | D:6      | Found a transporter.
  9126 | D:6      | Reached skill level 8 in Spellcasting
  9816 | D:7      | Found a staircase to the Ecumenical Temple.
  9832 | Temple   | Entered the Ecumenical Temple
  9914 | Temple   | Became a worshipper of Makhleb the Destroyer
 10083 | D:7      | Noticed Pikel
 10090 | D:7      | Killed Pikel
 10091 | D:7      | Reached skill level 9 in Spellcasting
 10091 | D:7      | Reached XP level 10. HP: 51/75 MP: 0/0
 11592 | D:8      | Reached * piety under Makhleb
 12711 | D:9      | Reached skill level 10 in Spellcasting
 13184 | D:9      | Found a staircase to the Orcish Mines.
 13420 | D:9      | Reached XP level 11. HP: 82/82 MP: 0/0
 13420 | D:9      | Learned a level 5 spell: Lee's Rapid Deconstruction
 13478 | D:9      | Reached ** piety under Makhleb
 13906 | D:9      | Reached skill level 1 in Invocations
 13913 | D:9      | Found a staircase to the Lair.
 13918 | Lair:1   | Entered Level 1 of the Lair of Beasts
 13961 | Lair:1   | Noticed a five-headed hydra
 13965 | Lair:1   | Killed a five-headed hydra
 14127 | Lair:1   | Found a dark tunnel.
 14136 | Volcano  | Entered a volcano
 14232 | Volcano  | Identified the +0 pair of gloves "Fubeu" {rElec rC+ Dex-3}
 14710 | Lair:1   | Noticed an oklob plant
 14792 | Lair:1   | Reached skill level 11 in Spellcasting
 15510 | Lair:2   | Noticed a merfolk siren
 15514 | Lair:2   | Killed a merfolk siren
 15514 | Lair:2   | Reached *** piety under Makhleb
 15585 | Lair:2   | Found a staircase to the Shoals.
 15626 | Lair:2   | Reached skill level 5 in Dodging
 15643 | Lair:2   | Reached XP level 12. HP: 91/91 MP: 0/0
 16024 | Lair:2   | Reached skill level 1 in Long Blades
 16497 | Lair:3   | Noticed an eight-headed hydra
 16504 | Lair:3   | Killed an eight-headed hydra
 16505 | Lair:3   | Reached skill level 10 in Fighting
 16536 | Lair:3   | Noticed an eight-headed hydra
 16542 | Lair:3   | Killed an eight-headed hydra
 16770 | D:4      | Bought the amulet "Wexal" {Reflect +Inv Regen+ Dex+2 SH+5}
                  | for 482 gold pieces
 17051 | Lair:3   | Reached skill level 5 in Invocations
 17268 | Lair:3   | Noticed a six-headed hydra
 17274 | Lair:3   | Killed a three-headed hydra
 17407 | Lair:3   | Identified the +7 scale mail of Fortitude {Dex+4}
 17519 | Lair:3   | Found a hole to the Spider Nest.
 17889 | Lair:4   | Reached XP level 13. HP: 97/97 MP: 0/0
 17889 | Lair:4   | Learned a level 5 spell: Freezing Cloud
 18048 | Lair:4   | Noticed a seven-headed hydra
 18132 | Lair:4   | Reached skill level 5 in Long Blades
 18164 | Lair:4   | Killed a six-headed hydra
 18675 | Lair:4   | Noticed Nergalle
 18680 | Lair:4   | Killed Nergalle
 18681 | Lair:4   | Reached skill level 12 in Spellcasting
 19127 | Lair:5   | Reached **** piety under Makhleb
 19426 | Lair:5   | Found a viscous altar of Jiyva.
 19426 | Lair:5   | Found a staircase to the Slime Pits.
 19531 | Lair:5   | Noticed Josephine
 19695 | Lair:5   | Killed Josephine
 20138 | D:4      | Bought a scroll of identify for 26 gold pieces
 20138 | D:4      | Bought a scroll of identify for 26 gold pieces
 20138 | D:4      | Bought 2 scrolls of blinking for 195 gold pieces
 20138 | D:4      | Bought a scroll of teleportation for 39 gold pieces
 20353 | Orc:1    | Entered Level 1 of the Orcish Mines
 20712 | Orc:1    | Noticed Sapher's ghost (novice VSFE)
 20719 | Orc:1    | Found a transporter.
 20722 | Orc:1    | Found a transporter.
 21056 | Orc:2    | Entered Level 2 of the Orcish Mines
 21381 | Orc:2    | Noticed Rupert
 21386 | Orc:2    | Paralysed by Rupert for 2 turns
 21405 | Orc:2    | Killed Rupert
 21406 | Orc:2    | Reached XP level 14. HP: 105/105 MP: 0/0
 22012 | Orc:2    | Found Edeipsi's Armour Emporium.
 22012 | Orc:2    | Found Huice's Assorted Antiques.
 22014 | Orc:2    | Found Dusar's Assorted Antiques.
 22014 | Orc:2    | Found Fawof's Antique Weapon Boutique.
 22023 | Orc:2    | Bought a scroll of identify for 60 gold pieces
 22023 | Orc:2    | Bought a scroll of identify for 60 gold pieces
 22030 | Orc:2    | Bought a potion of heal wounds for 155 gold pieces
 22113 | Orc:2    | Found a staircase to the Elven Halls.
 22336 | Orc:1    | Reached ***** piety under Makhleb
 22519 | Orc:1    | Killed Sapher's ghost
 22622 | Orc:2    | Bought a runed helmet for 225 gold pieces
 22626 | Orc:2    | Bought a +0 helmet of intelligence for 172 gold pieces
 22742 | D:10     | Entered Level 10 of the Dungeon
 22742 | D:10     | Noticed Maggie
 22744 | D:10     | Killed Maggie
 22869 | D:10     | Found a flagged portal.
 22874 | Bailey   | Entered a bailey
 23722 | D:10     | Found a glowing golden altar of the Shining One.
 23797 | D:10     | Found a bloodstained altar of Trog.
 24122 | D:11     | Reached skill level 1 in Armour
 24508 | D:11     | Found Costram's Book Shoppe.
 24743 | Orc:2    | Bought a scroll labelled ILUBUBIFAIRO for 30 gold pieces
 24743 | Orc:2    | Acquired 978 gold pieces
 25369 | D:12     | Found a runed translucent gate.
 25369 | D:12     | Found a runed translucent gate.
 25369 | D:12     | Found a runed translucent gate.
 25372 | D:12     | Noticed diceflayer's ghost (journeyman MiFi)
 25484 | D:12     | Reached skill level 13 in Spellcasting
 25777 | D:13     | Reached XP level 15. HP: 111/111 MP: 0/0
 25777 | D:13     | Learned a level 6 spell: Dispersal
 25817 | D:13     | Found a runed translucent gate.
 26177 | D:13     | Paralysed by an ogre mage for 6 turns
 26341 | D:13     | Found a runed translucent gate.
 26344 | D:13     | Noticed Silentstumbler's ghost (journeyman MiBe)
 26346 | D:13     | Found a runed translucent gate.
 26859 | D:14     | Noticed Snorg
 26865 | D:14     | Killed Snorg
 26866 | D:14     | Reached skill level 5 in Armour
 27126 | D:14     | Reached ****** piety under Makhleb
 27164 | D:14     | Noticed a quicksilver ooze
 27164 | D:14     | a satyr changed into a quicksilver ooze
 27165 | D:14     | Noticed an emperor scorpion
 27165 | D:14     | a quicksilver ooze changed into an emperor scorpion
 27172 | D:14     | Noticed a quicksilver ooze
 27172 | D:14     | an alligator changed into a quicksilver ooze
 27174 | D:14     | Killed a quicksilver ooze
 27190 | D:14     | Found a gate to the Vaults.
 27679 | D:15     | Entered Level 15 of the Dungeon
 27988 | D:15     | Reached skill level 10 in Long Blades
 28194 | D:15     | Reached XP level 16. HP: 111/118 MP: 0/0
 28262 | D:15     | Reached skill level 10 in Dodging
 28301 | D:15     | Found a staircase to the Depths.
 29312 | Lair:6   | Entered Level 6 of the Lair of Beasts
 29513 | Lair:6   | Identified the +0 quarterstaff of the Jolly Ultimatums
                  | {speed, Int+6}
 31852 | Lair:6   | Identified the +8 hunting sling "Qutsykomp" {freeze, rN+
                  | Int+7}
 32083 | Shoals:1 | Entered Level 1 of the Shoals
 32614 | Shoals:1 | Reached skill level 14 in Spellcasting
 33198 | Shoals:1 | Reached XP level 17. HP: 123/125 MP: 0/0
 33198 | Shoals:1 | Learned a level 6 spell: Statue Form
 33957 | Shoals:2 | Found Ehinam's Armour Shoppe.
 34678 | Shoals:3 | Noticed Ilsuiw
 34969 | Shoals:3 | HP: 5/125 [Ilsuiw/shard of ice (39)]
 34981 | Shoals:3 | Killed Ilsuiw
 35343 | Shoals:3 | Noticed Mara
 35539 | Shoals:3 | Reached skill level 10 in Invocations
 36285 | Shoals:4 | Entered Level 4 of the Shoals
 36429 | Shoals:4 | Found Zoseatz's Jewellery Shop.
 36616 | Shoals:4 | HP: 4/126 [merfolk impaler (8)]
 37019 | Shoals:4 | Reached skill level 10 in Armour
 37187 | Shoals:4 | Noticed Donald
 37477 | Shoals:3 | Killed Donald
 38070 | Shoals:4 | Identified the +7 trident "Muwkeze" {freeze, Drain rN+
                  | Int+9 Dex+2}
 38078 | Shoals:4 | HP: 3/126 [alligator snapping turtle (8)]
 38080 | Shoals:4 | Hit by a javelin thrown by a merfolk javelineer

Illustrated notes

Levels and vault maps discovered:
D:1:      minmay_arrival_loop, layout_loops_ring, serial_forest,
          infiniplex_forest_end_1, infiniplex_forest_clump_diagonal,
          infiniplex_forest_zigzag_2, infiniplex_forest_end_double,
          grunt_decor_fettered
D:2:      minmay_roachtagon, layout_basic,
          shapermc_ecumenical_altar_mp_highgroup, minmay_pentomino_z4
D:3:      layout_loops_ring
D:4:      layout_loops_cross, serial_shops, shop_fountains, shop, shop,
          shop_fountains, nicolae_lakefront_shop, minmay_quantized
D:5:      gammafunk_steamed_eel, layout_rooms, mainiacjoe_overflow_divided_tiny,
          uniq_eustachio, uniq_prince_ribbit1
D:6:      layout_rooms, gammafunk_ghost_mausoleum, minmay_ogre_servants
D:7:      layout_cave_pods, temple_pool_b, enter_ossuary_5, uniq_pikel
D:8:      layout_basic, fountainhead, minmay_circle_x
D:9:      layout_loops_cross, grunt_lair_entry_orc_guard_hut, zombieorc2_lemuel
D:10:     layout_irregular_city, general_overflow_altar, tso_oasis_becter,
          enter_bailey_3, uniq_maggie
D:11:     layout_big_octagon, serial_shops, nicolae_lakefront_shop,
          grunt_ministairs_1, hangedman_decor_opposing
D:12:     layout_cave_pools, gammafunk_ghost_split
D:13:     layout_rooms, gammafunk_ghost_hydra_chop
D:14:     layout_gridville, david_vaults_2, minmay_misc_feat_plants, uniq_snorg
D:15:     gammafunk_depths_entry_grave, layout_basic,
          minmay_misc_feat_more_columns
Temple:   dpeg_five_rooms_temple
Lair:1:   layout_cave_pods, nicolae_volcano_entry_lava_flow,
          minmay_lair_oklob_chamber
Lair:2:   layout_chaotic_city, minmay_shoals_entry_lonely_mermaid
Lair:3:   lemuel_slime, layout_loops_ring, nicolae_spider_entry_orb_guardian
Lair:4:   layout_gridlike, roderic_carrion_pond, lemuel_fruit_fields,
          lemuel_fruit_tree, lemuel_fruit_fields, uniq_nergalle
Lair:5:   layout_misc_corridors, slime_altar_1, minivault_24,
          beast_lair_carwin_8, uniq_josephine
Lair:6:   grunt_lair_end_beastmaster, layout_gridlike, amcnicky_mini_pool_medium
Shoals:1: layout_shoals
Shoals:2: layout_shoals, serial_shops, nicolae_shop_behind_doors,
          nicolae_shoals_water_elemental_grotto
Shoals:3: layout_shoals, uniq_ilsuiw, uniq_mara
Shoals:4: shoals_end_simple, layout_shoals, shoals_ilsuiw_alternative,
          serial_shops, shop_statue, uniq_donald, uniq_aizul
Orc:1:    layout_diamond_mine, gammafunk_ghost_arena, kennysheep_orc_sif_temple
Orc:2:    grunt_orc_tribal_feast, layout_caves, mines2_david, uniq_rupert

Skill      XL: |  1  2  3  4  5  6  7  8  9 10 11 12 13 14 15 16 17 |
---------------+----------------------------------------------------+-----
Spellcasting   | 3 4 5 6 7 9 10 11 12 13 14 | 14.6
Fighting       | 2 4 5 7 8 9 10 11 12 13 | 13.1
Invocations    | 4 5 6 7 8 9 10 | 10.2
Dodging        | 5 6 8 9 10 11 | 11.4
Long Blades    | 4 7 8 10 11 12 | 12.1
Armour         | 3 6 8 10 | 10.1
Stealth        | |  1.5

Action                   |  1- 3 |  4- 6 |  7- 9 | 10-12 | 13-15 | 16-18 || total
-------------------------+-------+-------+-------+-------+-------+-------++-------
Melee: Unarmed           |     2 |       |       |       |       |       ||     2
       Dagger            |     5 |     9 |    26 |    48 |       |       ||    88
       Whip              |       |     1 |       |       |       |       ||     1
       Scimitar          |       |       |       |    45 |   178 |   110 ||   333
 Cast: Foxfire           |    45 |   152 |   155 |   228 |   226 |    20 ||   826
       Inner Flame       |       |     2 |       |       |     8 |     5 ||    15
       Sticky Flame      |       |       |    18 |    60 |   101 |    48 ||   227
       Call Imp          |       |       |     6 |    11 |    38 |     5 ||    60
       Conjure Flame     |       |       |     2 |     9 |       |     5 ||    16
       Fireball          |       |       |     6 |    65 |   217 |   307 ||   595
       Lee's Rapid Decon |       |       |       |     9 |    10 |    23 ||    42
       Sting             |       |       |       |     1 |       |       ||     1
       Dazzling Flash    |       |       |       |     1 |       |       ||     1
       Freezing Cloud    |       |       |       |       |     1 |     3 ||     4
       Dispersal         |       |       |       |       |     1 |    14 ||    15
Invok: Lesser Servant of |       |       |       |       |    12 |     5 ||    17
       Major Destruction |       |       |       |       |     1 |       ||     1
       Greater Servant o |       |       |       |       |       |     3 ||     3
Evoke: Wand              |       |       |       |     3 |       |       ||     3
  Use: Scroll            |     3 |     9 |     2 |     7 |    11 |     7 ||    39
       Potion            |       |     1 |       |       |     2 |     7 ||    10
 Stab: Sleeping          |       |       |       |     1 |       |     1 ||     2
       Distracted        |       |       |       |       |     1 |       ||     1
Armor: Robe              |     3 |    10 |    24 |    27 |       |       ||    64
       Leather armour    |       |       |       |    63 |   107 |    86 ||   256
Dodge: Dodged            |    22 |    24 |    41 |   204 |   321 |   260 ||   872
       Repelled          |       |       |       |     3 |       |       ||     3
Block: Other             |       |       |       |    13 |    78 |    43 ||   134
       Reflection        |       |       |       |       |     6 |    11 ||    17
       Rpst.: Scimitar   |       |       |       |    41 |    67 |    36 ||   144
